cohdb
Replays
Latest Replays
All Replays
Popular Replays
Top Player Replays
Match Explorer
How It Works
Community
CoH3 Stats
Reddit
Sign in to upload your games and track your stats! →
Sign in with Steam
Match 26658503
Unlisted
Match 26658503
Overview
Messages
Build Orders
End
Selects Armored Battlegroup
Selects Assault Engineers
Assault Engineer Squad
Assault Engineer Squad
Construct Barracks
Riflemen Squad
Grenade Package
Riflemen Squad
Construct Medical Station
Construct Weapon Support Center
Sniper
Mechanized Support Center
Selects Fast Deploy
Selects M8 Scott SPG
M1918 Browning Automatic Rifles
M16 Multiple Gun Motor Carriage
Construct Motor Pool
Selects M31 Recovery Vehicle
M3 75 mm Gun Motor Carriage
M8 Scott SPG
Selects War Machine
M24 Chaffee Light Tank
M24 Chaffee Light Tank
M24 Chaffee Light Tank
VIETBOY
Friendly Mouse(Poxie)
Ba'alzamon
neurotypical cattle
Big Poppa Sin
pppppeter
Pulu Prime
Relke
0
0
Comments
sign in to comment!
No comments posted yet!